Workbook

Sheet Baseline
A2: OMB No. 1505-0260
A3: Baseline Calculation
B4: Year 1 | C4: Year 2 | D4: Year 3 | E4: … | F4: Year T | G4: Total
A5: Total Federal Outlays | B5: =SUM(B6:B10) -> 0 | C5: =SUM(C6:C10) -> 0 | D5: =SUM(D6:D10) -> 0 | F5: =SUM(F6:F10) -> 0 | G5: =SUM(G6:G10) -> 0
A6: Program 1
A7: Program 2
A8: Program 3
A9: ⁞
A10: Program P
A12: Total Federal Revenue | B12: 0 | C12: 0 | D12: 0 | F12: 0 | G12: =SUM(B12:F12) -> 0
A14: Total Number of Participants | B14: 0 | C14: 0 | D14: 0 | F14: 0 | G14: 0
A15: Total Intervention Cost | B15: 0 | C15: 0 | D15: 0 | F15: 0 | G15: 0
A17: Notes: T is the final year of the intervention period; P is the total number of programs serving the target population

Sheet After Intervention
A2: OMB No. 1505-0260
A3: Predicted Federal Outlays and Revenue after Program Intervention
B4: Year 1 | C4: Year 2 | D4: Year 3 | E4: … | F4: Year T | G4: Total
A5: Total Federal Outlays | B5: =SUM(B6:B10) -> 0 | C5: =SUM(C6:C10) -> 0 | D5: =SUM(D6:D10) -> 0 | F5: =SUM(F6:F10) -> 0 | G5: =SUM(G6:G10) -> 0
A6: Program 1
A7: Program 2
A8: Program 3
A9: ⁞
A10: Program P
A12: Total Federal Revenue | B12: 0 | C12: 0 | D12: 0 | F12: 0 | G12: =SUM(B12:F12) -> 0
A14: Total Number of Participants | B14: 0 | C14: 0 | D14: 0 | F14: 0 | G14: 0
A15: Total Intervention Cost | B15: 0 | C15: 0 | D15: 0 | F15: 0 | G15: 0
A17: Notes: T is the final year of the intervention period; P is the total number of programs serving the target population

Sheet Outcome Valuation Calculation
A2: OMB No. 1505-0260
A3: Outcome Valuation
B4: Year 1 | C4: Year 2 | D4: Year 3 | E4: … | F4: Year T | G4: Total
A5: Total Federal Outlays | B5: ='After Intervention'!B5-Baseline!B5 -> 0 | C5: ='After Intervention'!C5-Baseline!C5 -> 0 | D5: ='After Intervention'!D5-Baseline!D5 -> 0 | F5: ='After Intervention'!F5-Baseline!F5 -> 0 | G5: ='After Intervention'!G5-Baseline!G5 -> 0
A6: Program 1 | B6: ='After Intervention'!B6-Baseline!B6 -> 0 | C6: ='After Intervention'!C6-Baseline!C6 -> 0 | D6: ='After Intervention'!D6-Baseline!D6 -> 0 | F6: ='After Intervention'!F6-Baseline!F6 -> 0 | G6: ='After Intervention'!G6-Baseline!G6 -> 0
A7: Program 2 | B7: ='After Intervention'!B7-Baseline!B7 -> 0 | C7: ='After Intervention'!C7-Baseline!C7 -> 0 | D7: ='After Intervention'!D7-Baseline!D7 -> 0 | F7: ='After Intervention'!F7-Baseline!F7 -> 0 | G7: ='After Intervention'!G7-Baseline!G7 -> 0
A8: Program 3 | B8: ='After Intervention'!B8-Baseline!B8 -> 0 | C8: ='After Intervention'!C8-Baseline!C8 -> 0 | D8: ='After Intervention'!D8-Baseline!D8 -> 0 | F8: ='After Intervention'!F8-Baseline!F8 -> 0 | G8: ='After Intervention'!G8-Baseline!G8 -> 0
A9: ⁞
A10: Program P | B10: ='After Intervention'!B10-Baseline!B10 -> 0 | C10: ='After Intervention'!C10-Baseline!C10 -> 0 | D10: ='After Intervention'!D10-Baseline!D10 -> 0 | F10: ='After Intervention'!F10-Baseline!F10 -> 0 | G10: ='After Intervention'!G10-Baseline!G10 -> 0
A12: Change in Total Federal Revenue | B12: ='After Intervention'!B12-Baseline!B12 -> 0 | C12: ='After Intervention'!C12-Baseline!C12 -> 0 | D12: ='After Intervention'!D12-Baseline!D12 -> 0 | F12: ='After Intervention'!F12-Baseline!F12 -> 0 | G12: ='After Intervention'!G12-Baseline!G12 -> 0
A14: Value | B14: =B12-B5 -> 0 | C14: =C12-C5 -> 0 | D14: =D12-D5 -> 0 | F14: =F12-F5 -> 0 | G14: =G12-G5 -> 0
A15: Value per Participant | B15: =B14/B18 -> #DIV/0! | C15: =C14/C18 -> #DIV/0! | D15: =D14/D18 -> #DIV/0! | F15: =F14/F18 -> #DIV/0! | G15: =G14/G18 -> #DIV/0!
A16: Value per Dollar of Intervention Cost | B16: =B14/B19 -> #DIV/0! | C16: =C14/C19 -> #DIV/0! | D16: =D14/D19 -> #DIV/0! | F16: =F14/F19 -> #DIV/0! | G16: =G14/G19 -> #DIV/0!
A18: Total Number of Participants | B18: 0 | C18: 0 | D18: 0 | F18: 0 | G18: 0
A19: Total Intervention Cost | B19: 0 | C19: 0 | D19: 0 | F19: 0 | G19: 0
A21: Maximum Outcome Payment | B21: =G14 -> 0
A23: Notes: T is the final year of the intervention period; P is the total number of programs serving the target population
